 Dungeon Crawl Stone Soup version 0.24.0-124-g2791043dd8 (webtiles) character file.

Game seed: 160142619516148173, levelgen mode: deterministic

790283 bildradio the Slayer (level 27, 152/152 HPs)
             Began as a Gargoyle Berserker on Dec 14, 2019.
             Was the Champion of the Shining One.
             Quit the game on level 3 of the Depths on Feb 14, 2020.
             The game lasted 09:51:30 (118604 turns).

bildradio the Slayer (Gargoyle Berserker)         Turns: 118604, Time: 09:51:31

Health: 152/152    AC: 56    Str: 19 (21) XL:     27
Magic:  38/38      EV: 18    Int: 10      God:    the Shining One [******]
Gold:   4665       SH: 19    Dex: 16      Spells: 36/48 levels left

rFire    + + +     SeeInvis +   X - +9 eveningstar (holy)
rCold    + . .     Gourm    .   I - +3 shield {reflect}
rNeg     + + +     Faith    .   H - +6 plate armour of Vehumet {rElec rCorr}
rPois    ∞         Spirit   +   u - +2 helmet of Cogamnae {rF++ Str-3}
rElec    +         Reflect  +   V - scarf {rC+ rF+}
rCorr    +         Harm     .   Z - +2 pair of gloves {archery}
MR       ++++.     Rnd*Tele +   d - +2 pair of boots "Idyxtu" {Int+5}
Stlth    ..........             L - amulet of guardian spirit
HPRegen  0.35/turn              G - +5 ring of slaying
MPRegen  0.26/turn              e - ring "Kiotih" {+Blink rElec rPois MR++ Int-4 SInv}

@: flying, glowing, studying Throwing
A: big wings, yellow scales 1, blurry vision 2, deformed body, deterioration 2,
dopey 1, frail 2, high mp 1, [low mp 1], negative energy resistance 1,
electricity resistance, teleportitis 1, unbreathing, petrification resistance,
no potion heal 1, rot immunity, AC +20
}: 4/15 runes: decaying, slimy, silver, gossamer
a: Stop Flying, Divine Shield, Cleansing Flame, Summon Divine Warrior, Renounce
Religion, Evoke Blink


You were on level 3 of the Depths.
You worshipped the Shining One.
The Shining One was exalted by your worship.
You were not hungry.

You visited 15 branches of the dungeon, and saw 61 of its levels.
You visited the Abyss 3 times.
You visited 1 bazaar.
You visited 1 ziggurat, and saw 11 of its levels.
You also visited: Sewer, Ossuary, Gauntlet and Wizlab.

You collected 9641 gold pieces.
You spent 4976 gold pieces at shops.

Inventory:

Hand Weapons
 o - the +8 double sword of Isudo {antimagic, rPois rF- Int+2 Stlth+, unknown}
   (You found it on level 1 of the Abyss)

   It reduces the magical energy of the wielder, and disrupts the spells and
   magical abilities of those hit.
   Natural abilities and divine invocations are not affected.
   It affects your intelligence (+2).
   It makes you vulnerable to fire.
   It protects you from poison.
   It makes you more stealthy.
 X - a +9 eveningstar of holy wrath (weapon)
Missiles
 K - 4 silver javelins (quivered)
 Q - 169 sling bullets
Armour
 d - the +2 pair of boots "Idyxtu" (worn) {Int+5}
   (You found it on level 3 of the Elven Halls)

   It affects your intelligence (+5).
 u - the +2 helmet of Cogamnae (worn) {rF++ Str-3}
   (You acquired it on level 1 of the Depths)

   It affects your strength (-3).
   It greatly protects you from fire.
 H - the +6 plate armour of Vehumet (worn) {rElec rCorr}
   (You found it on level 5 of the Dungeon)

   It insulates you from electricity.
   It provides partial protection from all sources of acid and corrosion.
 I - a +3 shield of reflection (worn)
 V - a scarf of resistance (worn)
 Z - a +2 pair of gloves of archery (worn)
Jewellery
 e - the ring "Kiotih" (right hand) {+Blink rElec rPois MR++ Int-4 SInv}
   (You found it on level 3 of the Lair of Beasts)

   [ring of see invisible]

   It affects your intelligence (-4).
   It insulates you from electricity.
   It protects you from poison.
   It affects your resistance to hostile enchantments.
   It lets you see invisible.
   It lets you blink.
 g - an uncursed amulet of the acrobat
 C - the ring "Dasat" {rF+ rC++ Stlth+}
   (You acquired it on level 3 of the Crypt)

   [ring of protection from fire]

   It protects you from fire.
   It greatly protects you from cold.
   It makes you more stealthy.
 D - an uncursed ring of protection from fire
 G - a +5 ring of slaying (left hand)
 L - an amulet of guardian spirit (around neck)
Wands
 m - a wand of acid (8)
 r - a wand of disintegration (35)
 J - a wand of scattershot (5)
 W - a wand of digging (52)
 Y - a wand of iceblast (10)
Scrolls
 a - 6 scrolls of magic mapping
 b - 4 scrolls of holy word
 f - 3 scrolls of silence
 h - a scroll of acquirement
 j - 30 scrolls of remove curse
 n - 17 scrolls of teleportation
 q - 6 scrolls of blinking
 s - 15 scrolls of fear
 y - 10 scrolls of fog
 B - 5 scrolls of enchant weapon
 O - a scroll of enchant armour
 P - a scroll of summoning
 U - 9 scrolls of identify
Potions
 i - 35 potions of curing
 v - 6 potions of agility
 E - 2 potions of brilliance
 M - 8 potions of resistance
 N - 4 potions of might
 T - 5 potions of cancellation
Books
 z - a manual of Throwing
Miscellaneous
 k - 2 boxes of beasts
 l - a phantom mirror
 p - a lightning rod (4/4)
 w - a fan of gales
 A - a fan of gales
 F - a lightning rod (4/4)
 S - a lamp of fire
Comestibles
 c - 13 rations


   Skills:
 + Level 24.1 Fighting
 + Level 18.7 Maces & Flails
   Level 10.5(14.0) Slings
 - Level 15.0(16.1) Throwing
 + Level 23.5 Armour
 + Level 19.8 Dodging
 * Level 20.1 Shields
 - Level 11.0 Spellcasting
 - Level 5.6 Summonings
 - Level 14.0 Translocations
 - Level 3.5 Transmutations
 - Level 5.2 Earth Magic
 - Level 16.3 Invocations
 + Level 15.7 Evocations


You had 36 spell levels left.
You knew the following spells:

 Your Spells              Type           Power        Failure   Level  Hunger
a - Apportation           Tloc           ####..       1%          1    None
b - Blink                 Tloc           N/A          1%          2    None
c - Summon Butterflies    Summ           ###.....     8%          1    None
d - Passwall              Tmut/Erth      ##......     19%         2    None
e - Dispersal             Tloc           ####......   36%         6    #######

Your spell library contained the following spells:

 Spells                   Type           Power        Failure   Level  Hunger
 Gell's Gravitas          Tloc           ####......   1%          3    ##.....
 Lesser Beckoning         Tloc           ####......   1%          3    ##.....
 Passage of Golubria      Tloc           N/A          2%          4    ####...
 Recall                   Summ/Tloc      N/A          4%          3    ##.....
 Shroud of Golubria       Chrm/Tloc      ###...       6%          2    None
 Summon Small Mammal      Summ           ###.         8%          1    None
 Sandblast                Erth           ###...       9%          1    None
 Call Imp                 Summ           ###.....     11%         2    None
 Portal Projectile        Hex/Tloc       ###...       13%         3    ##.....
 Beastly Appendage        Tmut           ##....       19%         1    None
 Call Canine Familiar     Summ           ###.....     22%         3    ##.....
 Sticks to Snakes         Tmut           ##......     26%         2    None
 Summon Forest            Summ/Tloc      ####......   36%         5    #####..
 Force Lance              Conj/Tloc      ###.....     38%         4    ####...
 Animate Skeleton         Necr           N/A          58%         1    None
 Confusing Touch          Hex            #.....       58%         1    None
 Corona                   Hex            #......      58%         1    None
 Flame Tongue             Conj/Fire      #....        58%         1    None
 Freeze                   Ice            #...         58%         1    None
 Infusion                 Chrm           #...         58%         1    None
 Magic Dart               Conj           #...         58%         1    None
 Shock                    Conj/Air       #...         58%         1    None
 Stone Arrow              Conj/Erth      ##....       61%         3    ##.....
 Spider Form              Tmut/Pois      #.........   73%         3    ##.....
 Corpse Rot               Necr           N/A          75%         2    None
 Ensorcelled Hibernation  Hex/Ice        #.....       75%         2    None
 Searing Ray              Conj           #.....       75%         2    None
 Slow                     Hex            #.......     75%         2    None
 Song of Slaying          Chrm           #.......     75%         2    None
 Swiftness                Chrm/Air       #.......     75%         2    None
 Throw Flame              Conj/Fire      #.....       75%         2    None
 Throw Frost              Conj/Ice       #.....       75%         2    None
 Petrify                  Tmut/Erth      ##......     77%         4    ####...
 Ignite Poison            Fire/Tmut/Pois #.......     80%         3    ##.....
 Aura of Abjuration       Summ           ###.......   90%         5    #####..
 Summon Demon             Summ           ###.......   90%         5    #####..
 Confuse                  Hex            #.......     92%         3    ##.....
 Conjure Flame            Conj/Fire      #.......     92%         3    ##.....
 Dazzling Spray           Conj/Hex       #.....       92%         3    ##.....
 Inner Flame              Hex/Fire       #.......     92%         3    ##.....
 Mephitic Cloud           Conj/Pois/Air  #.......     92%         3    ##.....
 Ozocubu's Armour         Chrm/Ice       #.......     92%         3    ##.....
 Static Discharge         Conj/Air       #.......     92%         3    ##.....
 Tukima's Dance           Hex            #.......     92%         3    ##.....
 Vampiric Draining        Necr           #.........   92%         3    ##.....
 Summon Ice Beast         Ice/Summ       ##......     93%         4    ####...
 Lee's Rapid Deconstruct  Erth           ###.......   94%         5    #####..
 Leda's Liquefaction      Hex/Erth       ##........   95%         4    ####...
 Ice Form                 Ice/Tmut       #.......     98%         4    ####...
 Blade Hands              Tmut           ##........   99%         5    #####..
 Airstrike                Air            #.........   100%        4    ####...
 Cause Fear               Hex            #.........   100%        4    ####...
 Fulminant Prism          Conj/Hex       #.........   100%        4    ####...
 Iskenderun's Mystic Bla  Conj           #.......     100%        4    ####...
 Sticky Flame             Conj/Fire      #.......     100%        4    ####...
 Throw Icicle             Conj/Ice       #.......     100%        4    ####...
 Agony                    Necr           #.......     100%        5    #####..
 Alistair's Intoxication  Tmut/Pois      #.......     100%        5    #####..
 Bolt of Draining         Conj/Necr      #.........   100%        5    #####..
 Bolt of Magma            Conj/Fire/Erth #.........   100%        5    #####..
 Borgnjor's Vile Clutch   Necr/Erth      ##........   100%        5    #####..
 Dispel Undead            Necr           #.......     100%        5    #####..
 Excruciating Wounds      Chrm/Necr      #.........   100%        5    #####..
 Fireball                 Conj/Fire      #.........   100%        5    #####..
 Irradiate                Conj/Tmut      #.........   100%        5    #####..
 Iskenderun's Battlesphe  Conj/Chrm      #.......     100%        5    #####..
 Lightning Bolt           Conj/Air       #.........   100%        5    #####..
 Metabolic Englaciation   Hex/Ice        #.........   100%        5    #####..
 Silence                  Hex/Air        #.........   100%        5    #####..
 Summon Mana Viper        Hex/Summ       ##......     100%        5    #####..
 Venom Bolt               Conj/Pois      #.........   100%        5    #####..
 Yara's Violent Unravell  Hex/Tmut       #.........   100%        5    #####..
 Bolt of Fire             Conj/Fire      #.........   100%        6    #######
 Darkness                 Hex            #.........   100%        6    #######
 Deflect Missiles         Chrm/Air       #.........   100%        6    #######
 Hydra Form               Tmut           ##........   100%        6    #######
 Invisibility             Hex            #.......     100%        6    #######
 Iron Shot                Conj/Erth      ##........   100%        6    #######
 Shadow Creatures         Summ           N/A          100%        6    #######
 Simulacrum               Ice/Necr       #.........   100%        6    #######
 Dragon Form              Tmut           ##........   100%        7    #######
 Haunt                    Necr/Summ      ##........   100%        7    #######
 Orb of Destruction       Conj           #.........   100%        7    #######
 Ring of Flames           Chrm/Fire      #.........   100%        7    #######
 Spellforged Servitor     Conj/Summ      ##........   100%        7    #######
 Summon Hydra             Summ           ###.......   100%        7    #######
 Borgnjor's Revivificati  Necr           #.........   100%        8    #######
 Controlled Blink         Tloc           N/A          100%        8    #######
 Death's Door             Chrm/Necr      #.........   100%        8    #######
 Discord                  Hex            #.........   100%        8    #######
 Disjunction              Tloc           ####......   100%        8    #######
 Ignition                 Fire           #.........   100%        8    #######
 Infestation              Necr           #.........   100%        8    #######
 Necromutation            Tmut/Necr      #.........   100%        8    #######
 Dragon's Call            Summ           ###.......   100%        9    #######
 Shatter                  Erth           ###.......   100%        9    #######
 Sublimation of Blood     Necr           Unusable     N/A         2    N/A
 Statue Form              Tmut/Erth      Unusable     N/A         6    N/A

Dungeon Overview and Level Annotations

Branches:
Dungeon (15/15)            Temple (1/1) D:6            Lair (6/6) D:11
  Swamp (4/4) Lair:3       Spider (4/4) Lair:3        Slime (5/5) Lair:5
    Orc (2/2) D:10            Elf (3/3) Orc:2        Vaults (5/5) D:14
  Crypt (3/3) Vaults:3       Tomb (1/3) Crypt:3      Depths (5/5) D:15
   Hell (visited)             Dis (0/7) Hell            Geh (0/7) Hell
    Coc (1/7) Hell            Tar (0/7) Hell            Zot (5/5) Depths:5
  Sewer (visited)         Ossuary (visited)          WizLab (visited)
Gauntlet (visited)

Altars:
Ashenzari
Cheibriados
Dithmenos
Elyvilon
Fedhas
Gozag
Hepliaklqana
Kikubaaqudgha
Makhleb
Nemelex Xobeh
Okawaru
Qazlal
Ru
Sif Muna
Trog
Uskayaw
Vehumet
Wu Jian
Xom
Yredelemnul
Zin
The Shining One
Beogh
Jiyva

Shops:
D:15 (:(**   Orc:2 *[(=   Vaults:1 ?   Vaults:4 =   Depths:1 *   Depths:3 }==

Portals:
Hell: Depths:1 Depths:2 Depths:3 Depths:4 Depths:5
Abyss: Depths:2 Depths:3 Depths:4
Pandemonium: Depths:2 Depths:3 Depths:5
Trove: Depths:4 (give +5 demon trident)


Innate Abilities, Weirdness & Mutations

You are resistant to torment.
Your stone body is resilient. (AC +20)
You are immune to poison.
Your large and strong wings let you fly indefinitely.
You resist negative energy. (rN+)
You are resistant to electric shocks. (rElec)
You can survive without breathing.
You are immune to petrification.
You are immune to rotting.
You are partially covered in yellow scales. (AC +2)
Scrolls take you longer to read.
Armour fits poorly on your strangely shaped body.
Your body often deteriorates upon taking damage.
You are dopey. (Int -2)
You are very frail. (-20% HP)
You have an increased reservoir of magic. (+10% MP)
You are occasionally teleported next to monsters.
Potions are less effective at restoring your health.
[Your magical capacity is low. (-10% MP)]


Message History

You block the harpy skeleton's attack. The harpy skeleton closely misses you.
The harpy skeleton misses you.
The harpy skeleton claws you but does no damage.
You pass through the gate.
Welcome back to the Depths!
There is a one-way gate to the infinite horrors of the Abyss here.
You start resting.
Magic restored.
You start resting.
You are near starving!
You eat one of the 14 rations.
That ration really hit the spot!
You start resting.
HP restored.
There is an escape hatch in the floor here.
Q - 169 sling bullets (gained 28) Done exploring.
Done exploring.
Okay, then.
There are no items here.
Are you sure you want to abandon this character and quit the game? (Confirm with "yes".)

#.##.......................
##.........................
#...............?.........
##........................
#............≈≈≈≈≈.......
##...........≈≈###≈≈......
#............≈#####≈......
#...........≈###.###≈.....
#........@..≈##...#≈≈.....
#...........≈##.∩.≈#≈.....
##..........≈##...##≈.....
#..........≈###.###≈.....
#...........≈#####≈......
###.........≈≈###≈≈......
#......#....≈≈≈≈≈.......
#.##...##...............
####..##..........####..


There were no monsters in sight!

Vanquished Creatures
  8 ancient liches
  4 orbs of fire
  A juggernaut (Depths:4)
  3 greater mummies
  Bai Suzhen (Vaults:2)
  4 Killer Klowns
  A curse toe (Zot:5)
  the Lernaean hydra (Swamp:3)
  A caustic shrike (Depths:3)
  Geryon (Hell)
  13 golden dragons
  7 bone dragons
  A profane servitor (Abyss:3)
  Arachne (Spider:2)
  3 electric golems (Zot:4)
  13 tentacled monstrosities
  8 liches
  2 Ice Fiends (Coc:1)
  24 Orb Guardians
  Asterion (Spider:2)
  4 quicksilver dragons
  5 deep elf master archers
  5 titans
  5 deep elf blademasters
  41 acid blobs
  A quicksilver dragon (shapeshifter) (D:13)
  6 death cobs
  Murray (Hell)
  16 tentacled starspawn
  11 sphinxes
  An eldritch tentacle (WizLab)
  10 ancient champions
  16 shadow dragons
  18 storm dragons
  Frances (Lair:3)
  Agnes (Elf:2)
  2 thorn hunters (Swamp:4)
  3 fire giants
  8 tengu reavers
  Roxanne (Spider:1)
  31 azure jellies
  Kirke (D:13)
  2 revenants
  4 draconian monks
  4 frost giants
  3 draconian scorchers
  8 vault wardens
  7 ghost moths
  4 iron dragons
  5 deep elf sorcerers
  5 deep elf elementalists (Elf:3)
  6 draconian knights
  2 curse skulls
  2 orc warlords (Orc:2)
  2 balrugs
  4 emperor scorpions
  11 ghouls
  7 reapers
  A draconian shifter (Depths:5)
  12 very ugly things
  10 draconian stormcallers
  The ghost of Onucvo the Cleaver, a journeyman FoFi of Okawaru (D:14)
  3 angels
  12 draconian annihilators
  3 spriggan defenders
  10 ironheart preservers
  3 entropy weavers
  4 war gargoyles
  30 stone giants
  A juggernaut skeleton (Depths:3)
  3 vampire knights
  4 deep elf annihilators
  8 black draconians
  6 deep elf demonologists
  8 green draconians
  A minotaur (Gauntlet)
  5 dire elephants
  A lorocyproca (Abyss:3)
  12 purple draconians
  A dire elephant (shapeshifter) (Zig:6)
  8 spark wasps
  15 red draconians
  10 white draconians
  10 yellow draconians
  4 blizzard demons
  Snorg (Orc:1)
  11 ettins
  3 green deaths
  A quicksilver dragon zombie (Hell)
  15 deep elf death magi
  3 eidola
  16 death oozes
  4 merfolk javelineers
  4 crystal guardians (Depths:3)
  A kraken zombie (Hell)
  3 mummy priests
  14 yaktaur captains
  19 great orbs of eyes
  8 jiangshi
  A great orb of eyes (shapeshifter) (Abyss:3)
  Josephine (D:11)
  8 fire dragons
  7 deep elf high priests
  2 quicksilver dragon skeletons
  The ghost of HilariousDeathArtist the Fighter, a journeyman VSBe of Trog (D:13)
  6 rakshasas
  3 hell beasts (Depths:2)
  5 catoblepae
  35 hydras
  A ghost crab (Swamp:4)
  24 vault guards
  12 ice dragons
  2 anacondas
  10 ogre magi
  3 spriggan air magi
  A shambling mangrove (Swamp:3)
  12 centaur warriors
  Erica (Lair:1)
  9 hell hogs
  6 death knights
  6 deep troll shamans
  3 satyrs
  A queen ant (Gauntlet)
  11 death scarabs (Tomb:1)
  2 death yaks (Depths:2)
  8 vampire magi
  47 two-headed ogres
  28 dancing weapons
  10 alligators
  7 tengu warriors
  7 deep troll earth magi
  6 orc high priests
  19 thrashing horrors
  A titan zombie (Coc:1)
  Urug (Lair:6)
  4 naga sharpshooters
  4 spriggan berserkers
  A shock serpent (shapeshifter) (Vaults:5)
  11 sun demons
  22 deep elf knights
  2 iron golems (Hell)
  3 titan skeletons
  27 hell knights
  Sonja (Lair:2)
  8 soul eaters
  2 storm dragon zombies
  4 shadow wraiths
  4 spatial maelstroms (Abyss:3)
  71 skeletal warriors
  A shadow demon (Zig:6)
  18 wretched stars
  11 swamp dragons
  2 anaconda zombies
  A ghost moth zombie (Abyss:1)
  19 deep trolls
  A fire crab (Gauntlet)
  9 flayed ghosts
  8 iron trolls
  An orange crystal statue (Depths:3)
  4 glowing orange brains
  11 unseen horrors
  An obsidian statue (WizLab)
  2 anaconda skeletons
  11 necromancers
  3 spriggan druids
  19 deep elf archers
  9 phantasmal warriors
  7 wizards
  A shadow dragon zombie (Depths:3)
  3 lindwurms (Depths:2)
  A kraken simulacrum (Hell)
  Pikel (D:5)
  3 harpies (Vaults:4)
  16 ironbrand convokers
  7 orc sorcerers
  15 orc knights
  2 wolf spider zombies
  An iron dragon zombie (Hell)
  A mana viper (shapeshifter) (Zig:10)
  A sphinx zombie (Zig:9)
  A frost giant zombie (Vaults:3)
  4 oklob plants (Lair:3)
  9 shining eyes
  47 ugly things
  18 orb spiders
  A shadow dragon skeleton (Crypt:3)
  41 wolf spiders
  A mana viper (WizLab)
  11 cyclopes
  31 moths of wrath
  2 fauns (Zig:8)
  64 deep elf magi
  2 manticores (D:13)
  2 spriggan zombies
  7 worldbinders
  A cyclops (shapeshifter) (Depths:4)
  An ice statue (Depths:5)
  A guardian serpent (shapeshifter) (Abyss:3)
  A stone giant skeleton (Crypt:3)
  2 guardian serpents
  9 smoke demons
  8 elephants (Lair:6)
  3 fire giant skeletons
  6 black mambas
  A molten gargoyle (Hell)
  Joseph (D:10)
  21 rust devils
  14 vault sentinels
  An eye of devastation (Slime:1)
  An apocalypse crab (Abyss:3)
  9 frost giant skeletons
  4 iron dragon skeletons
  3 torpor snails
  A shock serpent skeleton (Crypt:3)
  Maurice (D:10)
  3 orange demons
  2 black mambas (shapeshifter)
  2 demonspawn skeletons (WizLab)
  A minotaur zombie (Gauntlet)
  24 spiny frogs
  A grey draconian zombie (Crypt:1)
  5 spectral swamp worms (Depths:2)
  11 demonic crawlers
  8 efreet
  6 hellions
  3 rime drakes (Lair:5)
  3 kobold demonologists
  A tormentor (Abyss:3)
  A spark wasp simulacrum (Depths:3)
  6 komodo dragons
  54 yaktaurs
  24 freezing wraiths
  An anaconda simulacrum (Coc:1)
  A green draconian skeleton (Crypt:3)
  A death yak skeleton (Crypt:3)
  8 ice devils
  2 hydra zombies
  6 ancient zymes (Abyss:3)
  2 yaktaur skeletons
  3 hellwings (Abyss:3)
  13 guardian mummies
  4 red devils
  A swamp worm zombie (Crypt:3)
  A merfolk (shapeshifter) (Vaults:5)
  5 tengu conjurers
  37 jumping spiders
  18 trolls
  A moth of wrath zombie (Crypt:3)
  16 polar bears
  A queen bee (Gauntlet)
  A hornet (shapeshifter) (Depths:3)
  A polar bear (shapeshifter) (Depths:5)
  2 harpy skeletons (Crypt:3)
  A silent spectre (Zig:4)
  29 hornets
  3 hydra skeletons
  An ettin zombie (Abyss:3)
  16 tyrant leeches
  16 blink frogs
  23 hippogriffs
  A deep troll zombie (Depths:1)
  A dream sheep (shapeshifter) (Elf:3)
  18 bog bodies
  A fire dragon zombie (Coc:1)
  6 dream sheep (Lair:5)
  160 slime creatures
  2 fire giant simulacra
  13 raiju
  70 redbacks
  4 starcursed masses
  Sigmund (D:5)
  6 air elementals
  An ice dragon skeleton (Crypt:2)
  A redback (shapeshifter) (Zig:6)
  23 flying skulls
  9 shadows
  A centaur simulacrum (D:15)
  10 spriggans
  2 ynoxinuls (Abyss:3)
  3 ushabtiu (Zig:9)
  3 vampires (Vaults:3)
  A yak (shapeshifter) (Vaults:1)
  2 ettin skeletons
  3 fire dragon skeletons (Crypt:3)
  23 water elementals
  21 wraiths
  2 alligator skeletons (Hell)
  41 tarantellas
  6 wyverns
  A black mamba zombie (Crypt:2)
  A hog (shapeshifter) (Abyss:3)
  A human (shapeshifter) (Depths:5)
  A fire bat (shapeshifter) (Vaults:2)
  3 fire bats (Gauntlet)
  28 yaks
  3 hungry ghosts
  7 fire elementals
  3 hogs (D:13)
  14 basilisks
  7 neqoxecs
  2 human simulacra
  13 golden eyes
  3 spatial vortices
  14 chaos spawn
  15 vampire mosquitoes
  12 wargs
  10 swamp worms
  3 acid dragons
  18 insubstantial wisps
  5 soldier ants
  18 water moccasins
  4 spiny frog zombies
  15 hell hounds
  A hydra simulacrum (Crypt:3)
  3 ice beasts
  4 floating eyes
  20 swamp drakes
  A floating eye (shapeshifter) (Zig:6)
  6 porcupines
  A monstrous demonspawn skeleton (Crypt:2)
  A spiny frog skeleton (Hell)
  28 large abominations
  7 sky beasts
  8 black bears
  A hornet zombie (Crypt:3)
  63 orc warriors
  A manticore zombie (Coc:1)
  2 ettin simulacra
  A spriggan simulacrum (Depths:1)
  30 ogres
  10 necrophages
  An ogre (shapeshifter) (Vaults:4)
  23 boggarts
  A phantom (D:4)
  35 centaurs
  A wolf (Lair:3)
  12 eyes of draining
  2 snapping turtle skeletons (Crypt:3)
  A swamp dragon skeleton (Crypt:3)
  15 crocodiles
  15 bullfrogs
  3 elf zombies (Ossuary)
  3 big kobolds (D:13)
  A yaktaur zombie (Crypt:3)
  A human skeleton (Vaults:3)
  A gnoll sergeant (D:11)
  A spiny frog simulacrum (Hell)
  A wyvern zombie (D:11)
  4 earth elementals
  28 small abominations
  4 scorpions
  A raiju zombie (Crypt:3)
  A troll zombie (Crypt:1)
  9 wights
  15 killer bees
  A manticore simulacrum (Abyss:3)
  5 spriggan skeletons
  9 electric eels
  4 howler monkeys
  A troll skeleton (D:12)
  10 crimson imps
  3 bullfrog zombies
  7 centaur zombies
  2 quasits
  5 bullfrog skeletons
  6 hounds
  A human zombie (Ossuary)
  4 jellies
  24 orc priests
  A wyvern simulacrum (D:15)
  A gnoll shaman (D:7)
  23 orc wizards
  5 centaur skeletons
  2 iguanas
  6 worker ants
  A dwarf zombie (Crypt:1)
  A deep dwarf zombie (Crypt:1)
  A crocodile skeleton (Crypt:2)
  A tengu skeleton (Crypt:3)
  2 hound zombies
  A hound skeleton (D:4)
  7 mummies
  A howler monkey zombie (D:10)
  A worker ant zombie (D:5)
  20 gnolls
  13 river rats
  18 adders
  2 shadow imps (Gauntlet)
  3 white imps
  2 ufetubi (Abyss:3)
  3 adder zombies
  An iguana zombie (Crypt:1)
  An adder skeleton (D:4)
  A halfling skeleton (Crypt:1)
  A worm (D:5)
  A dart slug (D:2)
  2 leopard geckos
  152 orcs
  8 ball pythons
  9 bats
  6 giant cockroaches
  9 goblins
  3 hobgoblins
  11 jackals
  5 quokkas
  10 frilled lizards
  7 hobgoblin zombies (Ossuary)
  9 kobolds
  15 kobold zombies (Ossuary)
  2 leopard gecko skeletons
  8 orc zombies
  4 quokka skeletons
  A quokka zombie (D:8)
  28 rats
  A rat zombie (Ossuary)
  A river rat zombie (Crypt:2)
  A bush (Depths:2)
  2 fungi
  A lurking horror (Abyss:3)
  7 plants
  9 starspawn tentacles (Abyss:3)
  A tentacle (Hell)
3528 creatures vanquished.

Vanquished Creatures (collateral kills)
  the Royal Jelly (Slime:5)
  An orb of fire (Zot:5)
  A caustic shrike (Depths:3)
  2 golden dragons
  A tentacled monstrosity (Depths:3)
  A lich (Depths:5)
  A titan (Vaults:5)
  An Orb Guardian (Zot:5)
  A tentacled starspawn (Abyss:3)
  An acid blob (Slime:5)
  A storm dragon (Depths:4)
  A draconian monk (Zig:7)
  Louise (Depths:3)
  A draconian stormcaller (Zig:7)
  A stone giant (Zig:11)
  A green draconian (Zot:5)
  4 death oozes (Slime:5)
  A fire dragon (Depths:4)
  2 great orbs of eyes
  A hydra (Swamp:4)
  A yaktaur captain (Zig:11)
  A spriggan air mage (Depths:3)
  An alligator (Swamp:4)
  2 tengu warriors (Depths:3)
  A deep troll earth mage (Depths:5)
  A soul eater (Depths:5)
  A wretched star (Abyss:3)
  A glowing orange brain (Abyss:3)
  A spriggan druid (Swamp:4)
  A wolf spider (Vaults:5)
  A worldbinder (Abyss:3)
  A smoke demon (Abyss:3)
  A red devil (Abyss:3)
  4 large abominations (Abyss:3)
  A bog body (Swamp:4)
  A shadow (Depths:5)
  A ynoxinul (Abyss:3)
  2 vampire mosquitoes (Swamp:4)
  A swamp worm (Swamp:4)
  An orc warrior (Vaults:1)
  2 small abominations (Abyss:3)
  An ogre (Vaults:1)
  2 starcursed masses (Abyss:3)
  A starspawn tentacle (Abyss:3)
56 creatures vanquished.

Vanquished Creatures (others)
  A golden dragon (Vaults:5)
  A draconian monk (Zot:2)
  A draconian scorcher (Zig:7)
  2 ironheart preservers
  A black draconian (Zot:4)
  A satyr (Zig:11)
  A spriggan (Swamp:4)
  2 quicksilver dragon simulacra (Depths:5)
  A spriggan druid (Swamp:4)
  2 large abominations (Abyss:3)
  A deep elf archer (Zig:10)
  2 ugly things
  A deep elf mage (Elf:1)
  A moth of wrath (Zot:5)
  A demonic crawler (Spider:3)
  A yaktaur (Zig:11)
  A hornet (Swamp:4)
  A slime creature (Swamp:4)
  A blink frog (Abyss:3)
  A redback (Spider:2)
  2 humans (D:13)
  A vampire mosquito (Swamp:4)
  2 insubstantial wisps
  2 swamp worms (Swamp:4)
  A water moccasin (Lair:3)
  An orc warrior (Elf:1)
  4 ettin simulacra (Depths:5)
  A slave (D:5)
  A black bear (Swamp:2)
  An eye of draining (Abyss:3)
  A boggart (Depths:2)
  2 centaurs
  4 small abominations
  2 orc wizards (D:5)
  A leopard gecko (D:5)
  An orc (D:8)
  2 jackals (D:5)
  A frilled lizard (D:5)
  5 briar patches (Swamp:4)
  A bush (Depths:2)
  19 fungi
  A lurking horror (Abyss:3)
  31 plants
  64 starspawn tentacles
  20 tentacles (Hell)
195 creatures vanquished.

Grand Total: 3779 creatures vanquished

Notes
Turn   | Place    | Note
-------+----------+-------------------------------------------
     0 | D:1      | bildradio the Gargoyle Berserker began the quest for the
                  | Orb.
     0 | D:1      | Reached XP level 1. HP: 14/14 MP: 1/1
   170 | D:1      | Reached XP level 2. HP: 16/19 MP: 2/2
   897 | D:2      | Reached XP level 3. HP: 23/23 MP: 3/3
  1155 | D:2      | Found a sacrificial altar of Ru.
  1627 | D:2      | Reached ** piety under Trog
  1770 | D:2      | Reached XP level 4. HP: 23/28 MP: 4/4
  1965 | D:3      | Noticed an ogre
  1969 | D:3      | Killed an ogre
  1969 | D:3      | Reached skill level 5 in Maces & Flails
  1969 | D:3      | Reached XP level 5. HP: 32/32 MP: 5/5
  2056 | D:3      | Noticed an ice beast
  2068 | D:3      | Killed an ice beast
  2068 | D:3      | Reached XP level 6. HP: 37/37 MP: 6/6
  2282 | D:4      | Found a glowing drain.
  2400 | Sewer    | Entered a sewer
  3136 | Sewer    | Reached *** piety under Trog
  3170 | Sewer    | HP: 1/37 [rat (1)]
  3320 | Sewer    | Reached XP level 7. HP: 41/41 MP: 7/7
  3928 | D:3      | Found a glowing golden altar of the Shining One.
  4208 | D:4      | Reached XP level 8. HP: 36/46 MP: 8/8
  4697 | D:4      | Found an iron altar of Okawaru.
  4718 | D:4      | Reached skill level 10 in Maces & Flails
  4722 | D:4      | Reached **** piety under Trog
  5006 | D:5      | Entered Level 5 of the Dungeon
  5124 | D:5      | Noticed Pikel
  5163 | D:5      | Killed Pikel
  5184 | D:5      | Reached XP level 9. HP: 40/51 MP: 9/9
  5216 | D:5      | Noticed Sigmund
  5305 | D:5      | Killed Sigmund
  5418 | D:5      | Received a gift from Trog
  5579 | D:5      | Got a twisted plate armour
  5592 | D:5      | Identified the +6 plate armour of Vehumet {rElec rCorr}
                  | (You found it on level 5 of the Dungeon)
  6280 | D:6      | Found a staircase to the Ecumenical Temple.
  6316 | Temple   | Entered the Ecumenical Temple
  6672 | D:6      | Found a snail-covered altar of Cheibriados.
  6859 | D:7      | Found a blossoming altar of Fedhas.
  6975 | D:7      | Reached skill level 4 in Fighting
  7056 | D:7      | Found a shimmering blue altar of Sif Muna.
  7594 | D:7      | Got a pitted lead ring
  7856 | D:7      | Reached XP level 10. HP: 58/58 MP: 10/10
  8119 | D:8      | Found a sand-covered staircase.
  8131 | Ossuary  | Entered an ossuary
  8140 | Ossuary  | Reached ***** piety under Trog
  8381 | Ossuary  | Reached skill level 5 in Fighting
  9302 | D:7      | Reached skill level 5 in Armour
  9556 | D:8      | Found a hazy altar of Hepliaklqana.
  9611 | D:8      | Found a stormy altar of Qazlal.
  9867 | D:8      | Reached skill level 6 in Fighting
  9907 | D:8      | Received a gift from Trog
 10173 | D:9      | Identified the ring of Boezasm {Ice rElec rPois} (You found
                  | it on level 7 of the Dungeon)
 10245 | D:9      | Reached skill level 1 in Shields
 11271 | D:9      | Reached XP level 11. HP: 65/66 MP: 11/11
 11363 | D:9      | Reached skill level 7 in Fighting
 11363 | D:9      | Reached skill level 5 in Dodging
 11668 | D:10     | Entered Level 10 of the Dungeon
 11724 | D:10     | Noticed a green ugly thing
 11753 | D:10     | Killed a green ugly thing
 12324 | D:10     | Found a staircase to the Orcish Mines.
 12566 | D:10     | Received a gift from Trog
 12774 | D:10     | Noticed Joseph
 12790 | D:10     | Killed Joseph
 12790 | D:10     | Reached skill level 8 in Fighting
 13173 | D:10     | Noticed Maurice
 13251 | D:10     | Killed Maurice
 13756 | D:10     | Noticed a hell knight
 13758 | D:10     | Noticed a hell knight
 13774 | D:10     | Killed a hell knight
 13790 | D:10     | Noticed a hell knight
 13791 | D:10     | Noticed a necromancer
 13793 | D:10     | Noticed a hell knight
 13794 | D:10     | Noticed a hell knight
 14214 | D:10     | Noticed a hell knight
 14216 | D:10     | Noticed a necromancer
 14217 | D:10     | Noticed a hell knight
 14223 | D:10     | Killed a necromancer
 14236 | D:10     | Killed a hell knight
 14368 | D:10     | Killed a hell knight
 14368 | D:10     | Reached skill level 9 in Fighting
 14371 | D:10     | Killed a hell knight
 14371 | D:10     | Reached XP level 12. HP: 68/76 MP: 12/12
 14379 | D:10     | Killed a hell knight
 14479 | D:10     | Killed a hell knight
 14735 | D:10     | Noticed a hell knight
 14753 | D:10     | Killed a hell knight
 14753 | D:10     | Reached skill level 10 in Fighting
 14943 | D:11     | Noticed Josephine
 14993 | D:11     | Killed Josephine
 14993 | D:11     | Reached skill level 10 in Armour
 15130 | D:11     | Found a staircase to the Lair.
 15277 | D:11     | Reached ****** piety under Trog
 16236 | D:12     | Noticed a seven-headed hydra
 16254 | D:12     | Killed a seven-headed hydra
 16427 | D:12     | Received a gift from Trog
 16427 | D:12     | Reached skill level 11 in Fighting
 16691 | D:12     | Reached XP level 13. HP: 80/84 MP: 10/13
 18175 | D:13     | Found a transporter.
 18203 | D:13     | Noticed a yaktaur captain
 18222 | D:13     | Noticed HilariousDeathArtist's ghost (journeyman VSBe)
 18224 | D:13     | Found a transporter.
 18353 | D:13     | Reached skill level 12 in Fighting
 18437 | D:13     | Got a brightly glowing pewter ring
 18441 | D:13     | Identified the ring of Hippufot {rElec MR+ Int-5 Dex+6
                  | SInv} (You found it on level 13 of the Dungeon)
 18543 | D:13     | Noticed an ettin
 18574 | D:13     | Noticed Kirke
 18634 | D:13     | Killed Kirke
 18954 | D:13     | Noticed a storm dragon
 18958 | D:13     | Noticed an emperor scorpion
 18958 | D:13     | a storm dragon changed into an emperor scorpion
 18959 | D:13     | Noticed a quicksilver dragon
 18959 | D:13     | an emperor scorpion changed into a quicksilver dragon
 18973 | D:13     | Killed a quicksilver dragon
 18981 | D:13     | Killed an ettin
 19111 | D:13     | Gained mutation: Your large and strong wings let you fly
                  | indefinitely. [Gargoyle growth]
 19111 | D:13     | Reached XP level 14. HP: 72/92 MP: 12/14
 19321 | D:13     | Got a smoking bone ring
 19529 | D:13     | Reached skill level 10 in Dodging
 19556 | D:13     | Killed HilariousDeathArtist's ghost
 19556 | D:13     | Reached skill level 13 in Fighting
 19651 | D:14     | Found a runed translucent gate.
 19652 | D:14     | Found a runed translucent gate.
 19653 | D:14     | Found a runed translucent gate.
 19658 | D:14     | Noticed Onucvo's ghost (journeyman FoFi)
 19904 | D:14     | Received a gift from Trog
 20451 | D:14     | Found a gate to the Vaults.
 20866 | D:14     | Killed Onucvo's ghost
 21050 | D:14     | Identified the ring "Wameis Gyurgh" {EV+2 Str+4} (You found
                  | it on level 13 of the Dungeon)
 21080 | D:15     | Entered Level 15 of the Dungeon
 21080 | D:15     | Found Neurr's General Store.
 21090 | D:15     | Bought a scroll of blinking for 105 gold pieces
 21090 | D:15     | Bought a potion of agility for 56 gold pieces
 21090 | D:15     | Bought a potion of invisibility for 112 gold pieces
 21101 | D:15     | Found Nuinusohu's Weapon Shoppe.
 21691 | D:14     | Reached skill level 14 in Fighting
 22031 | D:15     | Reached XP level 15. HP: 86/100 MP: 11/15
 22060 | D:15     | Found Qicluj's Book Emporium.
 22101 | D:15     | Found a staircase to the Depths.
 22125 | D:15     | Found Hueng's Assorted Antiques.
 22139 | D:15     | Bought 2 scrolls labeled CUHUUN ASAIR for 44 gold pieces
 22139 | D:15     | Bought a scroll of identify for 44 gold pieces
 22139 | D:15     | Bought a scroll labeled BAEXUNOO XANE for 22 gold pieces
 22320 | D:15     | Received a gift from Trog
 22720 | D:15     | Found Kusizurph's Weapon Shoppe.
 22967 | Lair:1   | Entered Level 1 of the Lair of Beasts
 23310 | Lair:1   | Noticed Erica
 23320 | Lair:1   | Killed Erica
 23427 | Lair:1   | Reached skill level 1 in Evocations
 23733 | Lair:2   | Noticed Sonja
 23831 | Lair:2   | Killed Sonja
 24262 | Lair:3   | Found a hole to the Spider Nest.
 24319 | Lair:3   | Found a staircase to the Swamp.
 24668 | Lair:3   | Got a glittering copper ring
 24700 | Lair:3   | Lost intelligence.
 24700 | Lair:3   | Identified the ring "Kiotih" {+Blink rElec rPois MR++ Int-4
                  | SInv} (You found it on level 3 of the Lair of Beasts)
 25294 | Lair:4   | Received a gift from Trog
 25737 | Lair:4   | Reached skill level 15 in Fighting
 26143 | D:3      | Fell from the grace of Trog
 26143 | D:3      | Became a worshipper of the Shining One
 26391 | Lair:5   | Found a gate leading to a gauntlet.
 26428 | Gauntlet | Entered a Gauntlet
 26428 | Gauntlet | Found a transporter.
 26428 | Gauntlet | Found a transporter.
 26428 | Gauntlet | Found a transporter.
 26429 | Gauntlet | Found a transporter.
 26671 | Gauntlet | Found a transporter.
 26685 | Gauntlet | Found a transporter.
 26693 | Gauntlet | Found a transporter.
 26701 | Gauntlet | Found a transporter.
 26733 | Gauntlet | Found a transporter.
 26751 | Gauntlet | Found a transporter.
 26759 | Gauntlet | Found a transporter.
 26777 | Gauntlet | Found a transporter.
 26852 | Gauntlet | Noticed a ghost moth
 26852 | Gauntlet | a great orb of eyes changed into a ghost moth
 26853 | Gauntlet | a ghost moth changed into a minotaur
 26942 | Gauntlet | Got a flickering granite ring
 26947 | Gauntlet | Identified the ring "Zoxtav" {rPois Dex+3} (You found it in
                  | a Gauntlet)
 27012 | Gauntlet | Got a pitted copper ring
 27015 | Gauntlet | Identified the ring of Luppalytt {*Tele +Blink MR- Slay+3}
                  | (You found it in a Gauntlet)
 27089 | Gauntlet | Reached * piety under the Shining One
 27340 | Gauntlet | Got a pitted turquoise ring
 28422 | Lair:5   | Found a viscous altar of Jiyva.
 28422 | Lair:5   | Found a staircase to the Slime Pits.
 28539 | Lair:5   | Identified the ring "Vikhieve" {Ice Str+2 Int+4 Slay+2}
                  | (You found it in a Gauntlet)
 29049 | Lair:5   | Reached XP level 16. HP: 107/108 MP: 6/19
 29451 | Lair:6   | Entered Level 6 of the Lair of Beasts
 29547 | Lair:6   | Reached skill level 15 in Maces & Flails
 29861 | Lair:6   | Noticed Urug
 29888 | Lair:6   | Killed Urug
 30671 | Lair:6   | Reached ** piety under the Shining One
 31535 | Orc:1    | Entered Level 1 of the Orcish Mines
 31800 | D:15     | Bought a manual of Dodging for 1214 gold pieces
 31997 | Orc:1    | Noticed Snorg
 32007 | Orc:1    | Killed Snorg
 32007 | Orc:1    | Reached skill level 1 in Invocations
 32487 | Orc:2    | Entered Level 2 of the Orcish Mines
 32487 | Orc:2    | Found a staircase to the Elven Halls.
 32728 | Orc:2    | Found Jaycizo's Jewellery Emporium.
 32842 | Orc:2    | Found Pisublymn's Antique Weapon Emporium.
 32970 | Orc:2    | Found Wanuz's General Store.
 32973 | Orc:2    | Reached skill level 5 in Invocations
 33209 | Orc:2    | Reached *** piety under the Shining One
 34039 | Orc:2    | Found a roughly hewn altar of Beogh.
 34110 | Orc:2    | Found Kenlo's Antique Armour Boutique.
 34133 | Orc:2    | Bought a pair of runed gloves for 165 gold pieces
 34661 | Elf:1    | Entered Level 1 of the Elven Halls
 35054 | Elf:1    | Found Fiabb's Food Shop.
 35358 | Elf:1    | Reached XP level 17. HP: 108/113 MP: 6/22
 35934 | Elf:1    | Noticed a Hell Sentinel
 35958 | Elf:1    | Noticed a Brimstone Fiend
 36004 | Elf:1    | Noticed a Tzitzimitl
 36624 | Spider:1 | Entered Level 1 of the Spider Nest
 37234 | Spider:1 | Noticed Frances
 37330 | Lair:3   | Killed Frances
 37437 | Spider:1 | Reached skill level 5 in Evocations
 37482 | Spider:1 | Paralysed by Trog for 4 turns
 38311 | Spider:1 | Noticed Roxanne
 38352 | Spider:1 | Killed Roxanne
 38948 | Spider:2 | Got a fine iron ring
 39111 | Spider:2 | Identified the ring "Buigh" {rF+ Int+2 Stlth+} (You found
                  | it on level 2 of the Spider Nest)
 39437 | Spider:2 | Reached **** piety under the Shining One
 39653 | Spider:2 | Noticed Arachne
 39670 | Spider:2 | Killed Arachne
 41802 | Spider:3 | Noticed Asterion
 41835 | Spider:2 | Killed Asterion
 41835 | Spider:2 | Reached skill level 5 in Shields
 42914 | Spider:3 | Reached ***** piety under the Shining One
 43600 | Spider:4 | Entered Level 4 of the Spider Nest
 43672 | Spider:3 | Reached XP level 18. HP: 120/120 MP: 6/24
 44704 | Spider:4 | Reached skill level 15 in Armour
 45673 | Spider:3 | Reached skill level 15 in Dodging
 46350 | Spider:4 | Paralysed by Trog for 2 turns
 47854 | Spider:4 | Reached skill level 16 in Fighting
 47933 | Spider:4 | Got a gossamer rune of Zot
 48135 | Swamp:1  | Entered Level 1 of the Swamp
 48135 | Swamp:1  | Found a transporter.
 48566 | Swamp:1  | Found a transporter.
 48574 | Swamp:1  | Got a slimy glass ring
 48587 | Swamp:1  | Got a smoking turquoise ring
 48704 | Swamp:1  | Identified the ring of the Equinox {Int+2 Dex+2} (You found
                  | it on level 1 of the Swamp)
 48715 | Swamp:1  | Identified the cursed ring "Head" {MR+ EV-3 Int+6} (You
                  | found it on level 1 of the Swamp)
 50261 | Swamp:2  | Reached ****** piety under the Shining One
 50404 | Swamp:2  | Was forgiven by Trog
 50938 | Swamp:3  | Identified a +6 eveningstar of holy wrath (a +4 antimagic
                  | eveningstar blessed by the Shining One)
 50938 | Swamp:3  | Received a gift from the Shining One
 51048 | Swamp:3  | Reached skill level 10 in Invocations
 51051 | Swamp:3  | Reached XP level 19. HP: 105/126 MP: 21/26
 51132 | Swamp:3  | Identified a scroll of acquirement
 52085 | Swamp:4  | Entered Level 4 of the Swamp
 52643 | Swamp:4  | Noticed the 27-headed Lernaean hydra
 53031 | Swamp:3  | Killed the 27-headed Lernaean hydra
 53740 | Swamp:4  | Reached skill level 17 in Fighting
 53991 | Swamp:4  | Got a decaying rune of Zot
 54549 | Elf:1    | Found a runed translucent gate.
 54562 | Elf:1    | Found a runed translucent gate.
 54562 | Elf:1    | Found a runed translucent gate.
 54583 | Elf:1    | Found a runed translucent gate.
 54583 | Elf:1    | Found a runed translucent gate.
 54715 | Elf:1    | Found a runed translucent gate.
 55378 | Elf:2    | Reached XP level 20. HP: 134/134 MP: 28/28
 55717 | Elf:2    | Found a huge runed translucent gate.
 55717 | Elf:2    | Found a huge runed translucent gate.
 55717 | Elf:2    | Found a huge runed translucent gate.
 55717 | Elf:2    | Found a huge runed translucent gate.
 55721 | Elf:2    | Found a huge runed translucent gate.
 55841 | Elf:3    | Entered Level 3 of the Elven Halls
 56185 | Elf:3    | Identified the +4 battleaxe "Yskuo" {pain, *Noise +Fly rF+
                  | MR+}
 56383 | Elf:3    | Cast into level 2 of the Abyss (+2 trident of distortion)
 56502 | Abyss:2  | Gained mutation: You are dopey. (Int -2) [a neqoxec]
 56679 | Abyss:3  | Lost mutation: You are very dopey. (Int -4) [potion of
                  | mutation]
 56679 | Abyss:3  | Gained mutation: You have sharp toenails. [potion of
                  | mutation]
 56891 | Abyss:3  | Got a crude plate armour
 56938 | Abyss:3  | Gained mutation: You are frail. (-10% HP) [a neqoxec]
 57055 | Elf:3    | Escaped the Abyss
 57108 | Elf:2    | Identified the +10 plate armour of Tenacity {Str+4} (You
                  | found it on level 3 of the Abyss)
 57559 | Elf:3    | Reached skill level 18 in Fighting
 57772 | Elf:3    | Noticed a Brimstone Fiend
 58580 | Elf:3    | Reached skill level 10 in Shields
 58722 | Elf:3    | Identified the +0 great mace of Radicalism {speed, rElec
                  | rN+ Int-5}
 58724 | Elf:3    | Noticed a Tzitzimitl
 58733 | Elf:3    | Reached XP level 21. HP: 124/126 MP: 27/29
 59012 | Elf:3    | Found the +6 lightning scales {run, rElec}
 59023 | Elf:3    | Found the +6 shillelagh "Devastator" {shatter}
 59037 | Elf:3    | Identified the Reference Book on Augmentations and Ignition
 59052 | Elf:3    | Got a pair of steaming boots
 59053 | Elf:3    | Identified the +2 pair of boots "Idyxtu" {Int+5} (You found
                  | it on level 3 of the Elven Halls)
 59071 | Elf:3    | Identified the Compendium of Damage Dealing and the
                  | Arsonist
 59380 | Elf:1    | Bought a ration for 65 gold pieces
 59380 | Elf:1    | Bought a ration for 65 gold pieces
 59380 | Elf:1    | Bought a ration for 65 gold pieces
 59380 | Elf:1    | Bought a ration for 65 gold pieces
 59380 | Elf:1    | Bought a ration for 65 gold pieces
 59380 | Elf:1    | Bought a ration for 65 gold pieces
 59380 | Elf:1    | Bought a ration for 65 gold pieces
 59380 | Elf:1    | Bought a ration for 65 gold pieces
 59380 | Elf:1    | Bought a ration for 65 gold pieces
 59380 | Elf:1    | Bought a ration for 65 gold pieces
 59609 | Depths:1 | Entered Level 1 of the Depths
 59623 | Depths:1 | Reached skill level 1 in Throwing
 59736 | D:15     | Lost mutation: You are frail. (-10% HP) [potion of
                  | mutation]
 59736 | D:15     | Lost mutation: You have sharp toenails. [potion of
                  | mutation]
 59736 | D:15     | Gained mutation: You have sharp toenails. [potion of
                  | mutation]
 59736 | D:15     | Gained mutation: You are somewhat resistant to further
                  | mutation. [potion of mutation]
 59994 | Depths:1 | Reached skill level 5 in Throwing
 60425 | Depths:1 | Found Kurphoyc's Assorted Antiques.
 60461 | Depths:1 | Bought a potion of magic for 344 gold pieces
 60461 | Depths:1 | Bought a scroll of enchant weapon for 322 gold pieces
 60461 | Depths:1 | Bought a potion of might for 172 gold pieces
 60554 | Depths:1 | Got a bloodstained helmet
 60565 | Depths:1 | Identified the +2 helmet of Cogamnae {rF++ Str-3} (You
                  | acquired it on level 1 of the Depths)
 60913 | Depths:1 | Found a gateway to Hell.
 61179 | Hell     | Entered the Vestibule of Hell
 61179 | Hell     | Noticed Geryon
 61209 | Hell     | Noticed Murray
 61336 | Depths:1 | Reached skill level 10 in Throwing
 61464 | Hell     | Found a gateway to the freezing wastes of Cocytus.
 61780 | Depths:2 | Found a runed translucent door.
 61911 | Depths:1 | Upgraded the game from 0.24.0-41-g2ae2f7f1be to
                  | 0.24.0-123-gd5b16e6ec5
 62923 | Depths:1 | Reached XP level 22. HP: 121/148 MP: 25/31
 63120 | Depths:1 | HP: 1/148 [titanic slime creature (53)]
 63609 | Depths:2 | Identified the Incunabulum of the Creative Compass
 63827 | Depths:2 | Found a one-way gate to the infinite horrors of the Abyss.
 63827 | Depths:2 | Found a one-way gate leading to the halls of Pandemonium.
 66263 | Depths:3 | Noticed Louise
 66292 | Depths:3 | Reached skill level 19 in Fighting
 66301 | Depths:3 | Killed Louise
 66345 | Depths:3 | Noticed a caustic shrike
 66351 | Depths:3 | Killed a caustic shrike
 66526 | Depths:3 | Noticed a caustic shrike
 66538 | Depths:3 | Killed a caustic shrike
 66584 | Depths:3 | Found the +8 demon trident "Rift" {distort, reach+}
 66629 | Depths:3 | Reached skill level 15 in Invocations
 66998 | Depths:3 | Reached XP level 23. HP: 151/155 MP: 34/34
 67453 | Depths:3 | Found a runed translucent door.
 67870 | Depths:3 | Got an ichor-stained hand crossbow
 67872 | Depths:3 | Identified the cursed +2 hand crossbow of Patterns {venom,
                  | rElec MR+ Dex+4} (You found it on level 3 of the Depths)
 67958 | Depths:3 | Found Ewak Niu's Gadget Emporium.
 67958 | Depths:3 | Found Reohuph's Jewellery Boutique.
 67959 | Depths:3 | Found Minaracw's Jewellery Boutique.
 68323 | Depths:4 | Found a portal to a secret trove of treasure.
 68525 | Depths:4 | Found a flickering gateway to a bazaar.
 68528 | Bazaar   | Entered a bazaar
 68530 | Bazaar   | Found Irhimuuk's Distillery.
 68534 | Bazaar   | Found Cayluatu's Antique Armour Boutique.
 68534 | Bazaar   | Found Xemycai's Distillery.
 68534 | Bazaar   | Found Ypirev's Antique Armour Boutique.
 68564 | Bazaar   | Bought a pair of glowing boots for 232 gold pieces
 68570 | Bazaar   | Bought a runed helmet for 165 gold pieces
 68579 | Bazaar   | Bought a potion of resistance for 120 gold pieces
 68579 | Bazaar   | Bought a potion of agility for 48 gold pieces
 68579 | Bazaar   | Bought a potion of haste for 120 gold pieces
 68579 | Bazaar   | Bought a potion of resistance for 120 gold pieces
 68579 | Bazaar   | Bought a potion of heal wounds for 60 gold pieces
 68579 | Bazaar   | Bought a potion of cancellation for 96 gold pieces
 68579 | Bazaar   | Bought a potion of heal wounds for 60 gold pieces
 68579 | Bazaar   | Bought a potion of agility for 48 gold pieces
 68579 | Bazaar   | Bought 2 potions of heal wounds for 120 gold pieces
 68579 | Bazaar   | Bought a potion of curing for 36 gold pieces
 68587 | Bazaar   | Bought a potion of curing for 27 gold pieces
 68587 | Bazaar   | Bought a potion of cancellation for 72 gold pieces
 68587 | Bazaar   | Bought 2 potions of might for 72 gold pieces
 68587 | Bazaar   | Bought a potion of heal wounds for 45 gold pieces
 68587 | Bazaar   | Bought 2 potions of agility for 72 gold pieces
 68587 | Bazaar   | Bought a potion of curing for 27 gold pieces
 68587 | Bazaar   | Bought a potion of agility for 36 gold pieces
 68587 | Bazaar   | Bought a potion of curing for 27 gold pieces
 68587 | Bazaar   | Bought a potion of curing for 27 gold pieces
 68614 | Depths:4 | Found a gateway to a ziggurat.
 68859 | Depths:4 | Found a magical portal.
 68880 | WizLab   | Found a transporter.
 69016 | WizLab   | Found a corrupted altar of Lugonu.
 69017 | WizLab   | Found the +2 cloak of the Thief {+Fog Slay-2 SInv Stlth+}
 69077 | WizLab   | Found a transporter.
 69077 | WizLab   | Found a transporter.
 69139 | WizLab   | Found a corrupted altar of Lugonu.
 69142 | WizLab   | Found a transporter.
 69564 | WizLab   | Found a transporter.
 69575 | WizLab   | Found a transporter.
 69685 | WizLab   | Found a transporter.
 69710 | WizLab   | Found a transporter.
 69740 | WizLab   | Found a transporter.
 69778 | WizLab   | Found a corrupted altar of Lugonu.
 69878 | WizLab   | Found a transporter.
 69944 | WizLab   | Reached skill level 15 in Shields
 70121 | WizLab   | Found a transporter.
 70121 | WizLab   | Found a transporter.
 70174 | WizLab   | Found a transporter.
 70181 | WizLab   | Cast into level 3 of the Abyss (eldritch tentacle)
 70276 | WizLab   | Escaped the Abyss
 70289 | WizLab   | Got a shimmering cloak
 70296 | WizLab   | Got a distressingly furry cloak
 70320 | WizLab   | Got an encrusted cloak
 70327 | WizLab   | Identified the cursed +0 cloak of Jelan {+Blink} (You found
                  | it in a wizard's laboratory)
 70338 | WizLab   | Identified the cursed -5 cloak "Numeymaw" {rN++ Str-2
                  | Dex+2} (You found it in a wizard's laboratory)
 70349 | WizLab   | Identified the +0 cloak of Uskayaw's Regard {rCorr Str+2
                  | Dex-3} (You found it in a wizard's laboratory)
 70402 | WizLab   | Found a transporter.
 70443 | WizLab   | Found a transporter.
 70443 | WizLab   | Found a transporter.
 70452 | WizLab   | Paralysed by accursed screaming for 2 turns
 70587 | WizLab   | Found a transporter.
 70587 | WizLab   | Found a transporter.
 71220 | Depths:4 | Noticed a golden dragon
 71230 | Depths:4 | Killed a golden dragon
 71305 | Depths:4 | Noticed a juggernaut
 71322 | Depths:4 | Killed a juggernaut
 71646 | Depths:4 | Paralysed by a floating eye for 3 turns
 71842 | Depths:5 | Entered Level 5 of the Depths
 72021 | Depths:5 | Paralysed by a floating eye for 3 turns
 72047 | Depths:5 | Reached XP level 24. HP: 114/162 MP: 34/34
 72213 | Depths:5 | Found a hazy altar of Hepliaklqana.
 72239 | Depths:5 | Reached skill level 20 in Fighting
 73518 | Depths:5 | Identified the +1 halberd "Pevot" {chop, *Rage Str+10
                  | Int+3}
 73875 | Depths:5 | Found the +3 salamander hide armour {+Rage rF++}
 73877 | Depths:5 | Found a bloodstained altar of Trog.
 73984 | Depths:5 | Reached skill level 1 in Translocations
 74066 | Depths:5 | Reached skill level 1 in Spellcasting
 74072 | Depths:5 | Found a gate to the Realm of Zot.
 74096 | Depths:5 | Identified the +3 chain mail "Tecebbam" {+Inv rCorr Slay-2
                  | Stlth+}
 74746 | Depths:5 | Found a sacrificial altar of Ru.
 74827 | Depths:5 | Learned a level 1 spell: Apportation
 74830 | Depths:5 | Learned a level 2 spell: Blink
 74832 | Depths:5 | Learned a level 1 spell: Summon Butterflies
 74887 | Depths:5 | Found an iron altar of Okawaru.
 75079 | Depths:5 | Reached skill level 1 in Summonings
 75251 | Depths:5 | Reached skill level 5 in Translocations
 75369 | Hell     | Killed Murray
 75649 | Hell     | Killed Geryon
 75680 | Hell     | Found a gateway to the decaying netherworld of Tartarus.
 75976 | Hell     | Found a gateway to the ashen valley of Gehenna.
 76020 | Hell     | Found a gateway to the Iron City of Dis.
 76357 | Vaults:1 | Entered Level 1 of the Vaults
 76624 | Vaults:1 | Reached skill level 5 in Spellcasting
 76945 | Vaults:1 | Reached XP level 25. HP: 169/169 MP: 35/35
 77106 | Vaults:1 | Reached skill level 5 in Summonings
 77447 | Vaults:1 | Found Syxeugicea's Magic Scroll Shop.
 77459 | Vaults:1 | Bought a scroll of fog for 32 gold pieces
 77459 | Vaults:1 | Bought a scroll of identify for 32 gold pieces
 77459 | Vaults:1 | Bought a scroll of fog for 32 gold pieces
 79111 | Vaults:2 | Noticed Bai Suzhen
 79151 | Vaults:2 | Killed Bai Suzhen
 79729 | Vaults:3 | Reached skill level 21 in Fighting
 79913 | Vaults:3 | Found a staircase to the Crypt.
 80249 | Vaults:3 | Reached skill level 10 in Evocations
 81903 | Vaults:4 | Found Ejanko's Jewellery Shop.
 82127 | Vaults:5 | Entered Level 5 of the Vaults
 82166 | Vaults:5 | Noticed an ancient lich
 82181 | Vaults:5 | Killed an ancient lich
 82181 | Vaults:5 | Reached XP level 26. HP: 157/177 MP: 35/35
 82212 | Vaults:5 | Identified the +7 quarterstaff "Jelly's Curse" {flame,
                  | rN++}
 82243 | Vaults:5 | Found the +7 Spriggan's Knife {stab, EV+4 Stlth+}
 83932 | Vaults:5 | Got a silver rune of Zot
 84476 | Vaults:5 | Reached XP level 27. HP: 133/182 MP: 28/35
 85192 | Crypt:1  | Entered Level 1 of the Crypt
 85444 | Crypt:1  | Found an ancient bone altar of Kikubaaqudgha.
 85489 | Crypt:1  | Got a fine spear
 85492 | Crypt:1  | Identified the +9 spear of Brawling {drain, -Tele rF+ Str-4
                  | Int+8} (You found it on level 1 of the Crypt)
 86224 | Crypt:3  | Entered Level 3 of the Crypt
 86301 | Crypt:3  | Found an ancient bone altar of Kikubaaqudgha.
 86851 | Crypt:3  | Reached skill level 15 in Throwing
 86897 | Crypt:3  | Found a basalt altar of Yredelemnul.
 86924 | Crypt:3  | Identified Liom's Grimoire of Unholy Rites
 87134 | Crypt:3  | Reached skill level 15 in Evocations
 87153 | Crypt:3  | Got a shimmering jade ring
 87154 | Crypt:3  | Identified the ring "Dasat" {rF+ rC++ Stlth+} (You acquired
                  | it on level 3 of the Crypt)
 87425 | Crypt:3  | Found a staircase to the Tomb.
 87625 | Crypt:3  | Noticed an ancient lich
 87641 | Crypt:3  | Killed an ancient lich
 87657 | Crypt:3  | Identified Wiastuick's Disquisition on Scorching
                  | Contamination
 87693 | Crypt:3  | Got a pair of scorched boots
 87695 | Crypt:3  | Identified the +0 pair of boots "Itocem Tuel" {MR++} (You
                  | found it on level 3 of the Crypt)
 87878 | Crypt:3  | Reached skill level 10 in Translocations
 87935 | Crypt:3  | Learned a level 2 spell: Passwall
 87942 | Crypt:3  | Learned a level 6 spell: Dispersal
 88107 | Crypt:3  | Reached skill level 10 in Spellcasting
 88713 | Depths:3 | Got a smoking fustibalus
 88717 | Depths:3 | Identified the +9 fustibalus of Ixtoisar {freeze, rC+ Str+4
                  | Int+2} (You found it on level 3 of the Depths)
 88813 | Zig:1    | Entered Level 1 of a ziggurat
 88857 | Zig:2    | Entered Level 2 of a ziggurat
 88919 | Zig:3    | Entered Level 3 of a ziggurat
 88931 | Zig:3    | Reached skill level 1 in Slings
 88952 | Zig:4    | Entered Level 4 of a ziggurat
 89010 | Zig:5    | Entered Level 5 of a ziggurat
 89014 | Zig:5    | Found the amulet of the Four Winds {rN+ MR+++ Clar}
 89066 | Zig:5    | Got a translucent falchion
 89074 | Zig:5    | Identified the +1 falchion of Saum {freeze, Int+2} (You
                  | found it on level 5 of a ziggurat)
 89075 | Zig:5    | Reached skill level 5 in Slings
 89082 | Zig:6    | Entered Level 6 of a ziggurat
 89119 | Zig:6    | Reached skill level 1 in Earth Magic
 89159 | Zig:6    | Identified the Almanac of the Boosting Blaze
 89179 | Zig:7    | Entered Level 7 of a ziggurat
 89210 | Zig:7    | Reached skill level 1 in Transmutations
 89466 | Zig:8    | Entered Level 8 of a ziggurat
 89685 | Zig:9    | Entered Level 9 of a ziggurat
 89692 | Zig:9    | Noticed a greater mummy
 89693 | Zig:9    | Noticed a greater mummy
 89706 | Zig:9    | Killed a greater mummy
 89723 | Zig:9    | Killed a greater mummy
 89895 | Zig:9    | Got a fine wooden ring
 89944 | Zig:10   | Entered Level 10 of a ziggurat
 90054 | Zig:10   | Found the +8 frozen axe "Frostbite" {freezing cloud, *Noise
                  | +Fly rC+}
 90135 | Zig:10   | Got a pitted dire flail
 90152 | Zig:10   | Got a bloodstained halberd
 90159 | Zig:10   | Identified the cursed +1 halberd "Ekeheak" {drain, Str+7}
                  | (You found it on level 10 of a ziggurat)
 90279 | Zig:11   | Entered Level 11 of a ziggurat
 90284 | Zig:11   | Identified the +6 dire flail of the Imperium {crush, Int+4
                  | Dex+7} (You found it on level 10 of a ziggurat)
 90351 | Depths:4 | Reached skill level 5 in Earth Magic
 90730 | Depths:4 | Identified the ring "Hulluc" {+Fly Str+4} (You found it on
                  | level 9 of a ziggurat)
 91027 | Slime:1  | Entered Level 1 of the Pits of Slime
 93462 | Slime:3  | Gained mutation: Your spells are a little easier to cast,
                  | but a little less powerful. [a shining eye]
 93716 | Slime:4  | Gained mutation: Armour fits poorly on your strangely
                  | shaped body. [a shining eye]
 93720 | Slime:4  | Gained mutation: Your flesh is heat resistant. (rF+) [a
                  | shining eye]
 93845 | Slime:5  | Entered Level 5 of the Pits of Slime
 94037 | Slime:5  | Found a viscous altar of Jiyva.
 94037 | Slime:5  | Noticed the Royal Jelly
 94077 | Slime:5  | Reached skill level 10 in Slings
 95310 | Slime:5  | Found the cursed +14 obsidian axe {chop, +Fly SInv *Curse}
 96297 | Slime:5  | Gained mutation: Your body sometimes deteriorates upon
                  | taking damage. [a shining eye]
 98827 | Slime:5  | Killed the Royal Jelly
 99353 | Slime:3  | Paralysed by a floating eye for 4 turns
 99886 | Slime:4  | Gained mutation: You have a somewhat thin skeletal
                  | structure. (Dex +2, Stealth) [a shining eye]
 99889 | Slime:4  | Gained mutation: You occasionally shout uncontrollably at
                  | your foes. [a shining eye]
100464 | Slime:5  | Got a wavering bronze ring
100532 | Slime:5  | Got a slimy rune of Zot
100533 | Slime:5  | Identified Urag's Reference Book on Summoning
100591 | Slime:5  | Identified the ring of the Shining Light {rElec rF+ Int+3
                  | SInv} (You found it on level 5 of the Pits of Slime)
100790 | Slime:5  | Lost mutation: Your body sometimes deteriorates upon taking
                  | damage. [potion of mutation]
100790 | Slime:5  | Lost mutation: Your flesh is heat resistant. (rF+) [potion
                  | of mutation]
100790 | Slime:5  | Lost mutation: Armour fits poorly on your strangely shaped
                  | body. [potion of mutation]
100790 | Slime:5  | Lost mutation: You have sharp toenails. [potion of
                  | mutation]
100791 | Slime:5  | Lost mutation: You are somewhat resistant to further
                  | mutation. [potion of mutation]
100791 | Slime:5  | Lost mutation: You occasionally shout uncontrollably at
                  | your foes. [potion of mutation]
100791 | Slime:5  | Lost mutation: You have a somewhat thin skeletal structure.
                  | (Dex +2, Stealth) [potion of mutation]
100791 | Slime:5  | Gained mutation: You are dopey. (Int -2) [potion of
                  | mutation]
100791 | Slime:5  | Gained mutation: [Your magical capacity is low. (-10% MP)]
                  | [potion of mutation]
100791 | Slime:5  | Gained mutation: You have large cloven feet. [potion of
                  | mutation]
101191 | D:14     | Lost mutation: Your spells are a little easier to cast, but
                  | a little less powerful. [potion of mutation]
101191 | D:14     | Lost mutation: [Your magical capacity is low. (-10% MP)]
                  | [potion of mutation]
101191 | D:14     | Lost mutation: You have large cloven feet. [potion of
                  | mutation]
101191 | D:14     | Gained mutation: You are agile. (Dex +2) [potion of
                  | mutation]
101191 | D:14     | Gained mutation: You can translocate small distances at
                  | will. [potion of mutation]
101968 | Elf:2    | Noticed Agnes
101978 | Elf:2    | Killed Agnes
102491 | Tomb:1   | Entered Level 1 of the Tomb of the Ancients
102867 | Tomb:1   | Noticed a greater mummy
102868 | Tomb:1   | Noticed a greater mummy
102876 | Tomb:1   | Killed a greater mummy
103584 | Zot:1    | Entered Level 1 of the Realm of Zot
106145 | Zot:2    | Reached skill level 22 in Fighting
108815 | Zot:4    | Found a transporter.
109016 | Zot:4    | Found a transporter.
109017 | Zot:4    | Found the +0 mask of the Dragon {MR+ Slay+3 SInv}
109445 | Zot:4    | Got a polished helmet
109655 | Zot:4    | Identified the cursed +0 helmet "Otucafoj" {*Slow rC++
                  | Dex+5} (You found it on level 4 of the Realm of Zot)
110184 | Zot:5    | Entered Level 5 of the Realm of Zot
110208 | Zot:5    | Noticed an ancient lich
110208 | Zot:5    | Noticed an orb of fire
110209 | Zot:5    | Noticed an ancient lich
110215 | Zot:5    | Gained mutation: Your body sometimes deteriorates upon
                  | taking damage. [an orb of fire]
110223 | Zot:5    | Noticed an orb of fire
110223 | Zot:5    | Noticed an orb of fire
110223 | Zot:5    | Noticed an ancient lich
110227 | Zot:5    | Noticed an orb of fire
110227 | Zot:5    | Noticed an orb of fire
110227 | Zot:5    | Noticed an ancient lich
110231 | Zot:5    | Lost mutation: You are agile. (Dex +2) [the power of Zot]
110237 | Zot:5    | Gained mutation: You are partially covered in yellow
                  | scales. (AC +2) [an orb of fire]
110249 | Zot:5    | Noticed an ancient lich
110273 | Zot:5    | Gained mutation: Scrolls take you a little longer to read.
                  | [an orb of fire]
110825 | Zot:4    | Killed an ancient lich
111324 | Zot:5    | Killed an orb of fire
111569 | Zot:4    | Reached skill level 23 in Fighting
112019 | Zot:5    | Gained mutation: Potions are less effective at restoring
                  | your health. [an orb of fire]
112026 | Zot:5    | Gained mutation: Scrolls take you longer to read. [an orb
                  | of fire]
112028 | Zot:5    | Gained mutation: [Your magical capacity is low. (-10% MP)]
                  | [an orb of fire]
112028 | Zot:5    | Gained mutation: You are weak. (Str -2) [an orb of fire]
112034 | Zot:5    | Gained mutation: Potions are poor at restoring your health.
                  | [an orb of fire]
112035 | Zot:5    | Gained mutation: You are occasionally teleported next to
                  | monsters. [an orb of fire]
112788 | Zot:5    | Noticed an ancient lich
112854 | Zot:4    | Killed an ancient lich
112971 | Zot:4    | Killed an orb of fire
112980 | Zot:4    | Gained mutation: Armour fits poorly on your strangely
                  | shaped body. [an orb of fire]
112993 | Zot:4    | Gained mutation: You are frail. (-10% HP) [an orb of fire]
112994 | Zot:4    | Killed an orb of fire
113880 | Zot:4    | Killed an ancient lich
114097 | Zot:5    | Killed an ancient lich
114135 | Zot:5    | Gained mutation: You are very frail. (-20% HP) [an orb of
                  | fire]
114157 | Zot:5    | Killed an orb of fire
114162 | Zot:5    | Killed an ancient lich
114164 | Zot:5    | Killed an ancient lich
114266 | Zot:5    | Gained mutation: Scrolls take you much longer to read. [an
                  | orb of fire]
114281 | Zot:5    | Killed an orb of fire
114580 | Zot:5    | Lost mutation: You are dopey. (Int -2) [potion of mutation]
114580 | Zot:5    | Lost mutation: [Your magical capacity is low. (-10% MP)]
                  | [potion of mutation]
114580 | Zot:5    | Lost mutation: You can translocate small distances at will.
                  | [potion of mutation]
114580 | Zot:5    | Lost mutation: You are weak. (Str -2) [potion of mutation]
114875 | Vaults:1 | Lost mutation: Potions are poor at restoring your health.
                  | [potion of mutation]
114875 | Vaults:1 | Lost mutation: Scrolls take you much longer to read.
                  | [potion of mutation]
114875 | Vaults:1 | Gained mutation: You are dopey. (Int -2) [potion of
                  | mutation]
114875 | Vaults:1 | Gained mutation: You have an increased reservoir of magic.
                  | (+10% MP) [potion of mutation]
115038 | Coc:1    | Entered Level 1 of Cocytus
115675 | Depths:3 | Voluntarily entered the Abyss.
115713 | Abyss:1  | Got a crystal double sword
116094 | Abyss:3  | Paralysed by accursed screaming for 1 turns
116101 | Abyss:3  | Paralysed by accursed screaming for 1 turns
116136 | Abyss:3  | Identified the cursed +0 large shield of the Tundras {rF+}
116193 | Abyss:3  | Noticed an ancient lich
117037 | Abyss:3  | Gained mutation: Your body often deteriorates upon taking
                  | damage. [a neqoxec]
117099 | Abyss:3  | Found a corrupted altar of Lugonu.
117260 | Abyss:3  | Reached skill level 24 in Fighting
117898 | Abyss:3  | Upgraded the game from 0.24.0-123-gd5b16e6ec5 to
                  | 0.24.0-124-g2791043dd8
117986 | Abyss:3  | Found a corrupted altar of Lugonu.
118008 | Abyss:3  | Found a runed translucent door.
118012 | Abyss:3  | Found a runed translucent door.
118013 | Abyss:3  | Found a runed translucent door.
118048 | Abyss:3  | Identified the Tome of Creative Stones
118295 | Abyss:4  | Found a corrupted altar of Lugonu.
118348 | Abyss:4  | Found a corrupted altar of Lugonu.
118362 | Depths:3 | Escaped the Abyss
118604 | Depths:3 | Quit the game

Levels and vault maps discovered:
D:1:      dpeg_arrival_pits, layout_loops_ring
D:2:      minmay_wonky_spiral, layout_basic, nicolae_ru_sacrificial_ziggurat
D:3:      layout_rooms, lemuel_crystal_altar, minmay_close_crescents
D:4:      layout_cave_pools, lemuel_doored_altar, portal_sewer_entry_b,
          first_ration
D:5:      layout_basic, uniq_sigmund, uniq_pikel
D:6:      layout_cave_pools, nicolae_overflow_hidden_temple,
          minmay_temple_entry_purple_smoke, hangedman_abyss_or_decor_stabs
D:7:      layout_layer_cave, fedhas_altar_1, lemuel_round_altar,
          nrook_mini_backslash, nicolae_benzene_ring
D:8:      layout_basic, old_standard_altar, enter_ossuary_5, basic_altar,
          special_room [special_room_orc], hangedman_pestilent_swarm
D:9:      layout_basic
D:10:     layout_roguey, david_orc_1_choice, minmay_rotating_lava, uniq_joseph,
          uniq_maurice
D:11:     layout_basic, lair_entry_dummy, uniq_josephine
D:12:     kennysheep_ambush_hall, layout_loops_ring,
          chequers_serial_rivers_micro_e, hangedman_tell_no_tales
D:13:     layout_irregular_city, gammafunk_ghost_arena,
          minmay_checkered_concentric_circles, uniq_kirke
D:14:     layout_roguey, david_vaults_1, gammafunk_ghost_spectres,
          kennysheep_boxes
D:15:     hangedman_depths_entry_civil_slaughter, layout_irregular_city,
          serial_shops, shop_fountains, shop, nicolae_shop_overgrown_old_shop,
          shop, shop
Temple:   nicolae_temple_elliptical
Lair:1:   layout_big_grid, uniq_erica
Lair:2:   layout_hall_layers, uniq_sonja
Lair:3:   layout_hall_layers, swamp_mist, nicolae_spider_entry_tight_spaces,
          beast_lair_carwin_8, minmay_lair_oklob_chamber
Lair:4:   layout_roguey, grunt_megastairs_5
Lair:5:   layout_small_grid, dpeg_slime_entry_enclosed_altar,
          gauntlet_entry_generic, special_room [special_room_mythical_zoo],
          serial_bayou_lake_a
Lair:6:   due_jungle_book, layout_regular_city, pond, uniq_urug
Swamp:1:  gammafunk_its_a_trap, layout_basic_swamp, evilmike_swamp_ruin_house_1,
          swamp_pool1, hangedman_swamp_lotus
Swamp:2:  layout_falls_marsh, infiniplex_staircase_pool_2, swamp_pool4
Swamp:3:  layout_falls_marsh, serial_swamp_ruin, evilmike_swamp_ruin_rubble_2,
          evilmike_swamp_ruin_house_4, roderic_carrion_pond
Swamp:4:  grunt_swamp_rune_castle, layout_basic_swamp, swamp_pool1
Spider:1: layout_spider_delve, uniq_roxanne, uniq_frances
Spider:2: layout_spider_delve, nicolae_arachne_temple
Spider:3: layout_chambers, uniq_asterion
Spider:4: spider_rune_water, hangedman_spider_tarantella_strand
Slime:1:  layout_caves
Slime:2:  layout_caves
Slime:3:  layout_caves
Slime:4:  layout_caves
Slime:5
Orc:1:    layout_caves, minmay_orc_barracks, uniq_snorg
Orc:2:    grunt_orc_gardens, layout_caves, grunt_orc_garden, grunt_orc_garden,
          grunt_orc_garden, grunt_orc_garden, lemuel_statue_altar
Elf:1:    elf_arrival_001, layout_onion_city, serial_shops, shop_coins,
          orc_legates, uniq_louise
Elf:2:    layout_geoelf_octagon, uniq_agnes
Elf:3:    minmay_elf_hall_statues, layout_loops_corners, drop_trap
Vaults:1: hangedman_vaults_pinch, v_rooms_2, vaults_standard_mumra_x,
          ontoclasm_vaults_claustrophobia, v_misc_9,
          ontoclasm_vaults_ring_square, nicolae_vaults_specimen_jars,
          layout_vaults_omnigrid, serial_shops, shop
Vaults:2: hangedman_vaults_hat, vaults_mumra_minichess, hangedman_vaults_locks,
          vaults_mumra_hexcomb, v_misc_2, v_misc_8, hangedman_vaults_variations,
          ontoclasm_vaults_decontamination, ontoclasm_vaults_idyll,
          nicolae_vaults_little_squares_5, ontoclasm_vaults_ring_small,
          vaults_room_hangedman_quadrants, nicolae_vaults_little_ls,
          v_alt_pattern_1, layout_vaults_ring, uniq_bai_suzhen
Vaults:3: minmay_crypt_entry_vampire_xt, nicolae_vaults_little_squares_5,
          nicolae_vaults_three_branches, v_misc_27,
          nicolae_vaults_yaktaur_gun_rack, layout_vaults_big_room
Vaults:4: hangedman_vaults_cutoff, v_misc_25, v_misc_14, v_misc_25,
          nicolae_vaults_little_squares_1, v_misc_22,
          nicolae_vaults_angled_halls, v_rooms_4, v_misc_16, v_rooms_3,
          grunt_vaults_hallway_short, vaults_mumra_chevron,
          ontoclasm_vaults_shuriken, nicolae_vaults_little_squares_3,
          nicolae_vaults_circle_grid_b, layout_vaults_omnibox, serial_shops,
          nicolae_shop_stone
Vaults:5
Crypt:1:  layout_rooms, basic_altar, grunt_crypt_arrival_webbed
Crypt:2:  layout_chaotic_city
Crypt:3:  church_of_pain_bobbens, layout_chaotic_city, tomb_entry_shell_bobbens,
          basic_altar
Tomb:1
Depths:1: layout_cave_pools, grunt_decor_arrowhead, hell_entry, serial_shops,
          shop_fountains, serial_sigils_hangedman_scratch,
          serial_bayou_lagoon_a, chequers_hall_statues_corner_a, st_stairs_7,
          grunt_ministairs_15, lemuel_flamethrower_3
Depths:2: hangedman_hanging_gardens, layout_cave_shapes,
          pf_hell_entry_tar_river, nicolae_wwwww, serial_column_ruins,
          column_ruins_grid_1, column_ruins_grid_1,
          column_ruins_corridor_dead_end, column_ruins_open_small,
          hangedman_abyss_entry_splay, pan_entry, drop_trap,
          hangedman_decor_riveting, chequers_decorated_corner,
          minmay_tree_intersection, minmay_acid_items
Depths:3: minmay_sliced_demisemicircle, layout_cave_shapes,
          nicolae_abyss_entry_one_way_or_another, chequers_serial_rivers_room_a,
          pf_coc_iceberg, rand_demon_pan_entry_8, minmay_crystal_box,
          infiniplex_staircase_door_maze, minmay_shop_grove
Depths:4: wad_courtyard, layout_cave_shapes, enter_ziggurat_f,
          nicolae_trove_entry_path_of_doom, nrook_uturn,
          grunt_hell_entry_dis_grunt, mu_enter_wizlab_3, minmay_room_of_horrors,
          serial_shops, bzr_entry_road
Depths:5: grunt_profane_halls [grunt_profane_temple_dis,
          grunt_profane_temple_coc, grunt_profane_temple_tar,
          grunt_profane_temple_geh, grunt_zot_portal], pan_entry, hell_entry
Hell
Coc:1:    layout_cocytus_water_paths
Zot:1:    layout_gridville
Zot:2:    layout_concentric_octagons
Zot:3:    layout_onion_interference
Zot:4:    layout_misc_corridors, lemuel_baited_zot_trap,
          chequers_guarded_unrand_mask_of_the_dragon
Zot:5:    layout_twisted_circle

Skill      XL: |  1  2  3  4  5  6  7  8  9 10 11 12 13 14 15 16 17 18 19 20 21 22 23 24 25 26 27 |
---------------+----------------------------------------------------------------------------------+-----
Maces & Flails | 4 5 6 7 9 11 12 14 16 18 | 18.7
Dodging        | 3 4 6 8 9 11 12 14 15 16 17 18 19 | 19.8
Armour         | 3 6 8 10 12 14 16 18 19 20 23 | 23.5
Fighting       | 4 6 9 11 12 14 15 16 17 18 19 20 21 24 | 24.1
Shields        | 4 5 7 10 12 13 15 20 | 20.1
Evocations     | 4 6 8 11 13 15 | 15.7
Invocations    | 7 8 10 11 12 15 16 | 16.3
Throwing       | 10 11 13 15 | 15.0
Translocations | 7 8 14 | 14.0
Spellcasting   | 5 6 8 11 | 11.0
Summonings     | 4 5 |  5.6
Slings         | 10 | 10.5
Earth Magic    | 5 |  5.2
Transmutations | 3 |  3.5

Action                   |  1- 3 |  4- 6 |  7- 9 | 10-12 | 13-15 | 16-18 | 19-21 | 22-24 | 25-27 || total
-------------------------+-------+-------+-------+-------+-------+-------+-------+-------+-------++-------
Melee: Mace              |   102 |   205 |    54 |       |       |       |       |       |       ||   361
       Flail             |       |       |   333 |   933 |       |       |       |       |       ||  1266
       Morningstar       |       |       |   190 |       |       |       |       |       |       ||   190
       Demon whip        |       |       |       |   341 |  1590 |       |       |       |       ||  1931
       Eveningstar       |       |       |       |       |   390 |  2492 |  1642 |  1999 |  5702 || 12225
       Staff             |       |       |       |       |       |       |       |       |    10 ||    10
 Fire: Fustibalus        |       |       |       |       |       |       |       |       |    38 ||    38
Throw: Javelin           |       |       |       |       |     9 |    63 |    17 |    45 |    43 ||   177
       Boomerang         |       |       |       |       |       |       |       |       |     2 ||     2
 Cast: Summon Butterflie |       |       |       |       |       |       |       |       |     3 ||     3
       Apportation       |       |       |       |       |       |       |       |       |     9 ||     9
Invok: Berserk           |       |     8 |     5 |    12 |     4 |       |       |       |       ||    29
       Trog's Hand       |       |       |     2 |     5 |     9 |       |       |       |       ||    16
       Divine Shield     |       |       |       |       |       |     2 |     5 |     9 |    19 ||    35
       Brand Weapon With |       |       |       |       |       |     1 |       |       |       ||     1
       Summon Divine War |       |       |       |       |       |       |     2 |     4 |    16 ||    22
       Cleansing Flame   |       |       |       |       |       |       |    13 |     9 |    32 ||    54
 Abil: Evoke Blink       |       |       |       |       |     3 |    33 |    43 |    19 |    81 ||   179
       Fly               |       |       |       |       |     2 |     3 |       |     1 |       ||     6
       Stop Flying       |       |       |       |       |     1 |     3 |       |     1 |       ||     5
       Blink             |       |       |       |       |       |       |       |       |    20 ||    20
Evoke: Wand              |       |       |       |    27 |    18 |    90 |    28 |    17 |    51 ||   231
       Box of beasts     |       |       |       |       |       |       |       |     1 |     2 ||     3
       Lightning rod     |       |       |       |       |       |       |       |       |    10 ||    10
       Lamp of fire      |       |       |       |       |       |       |       |       |     2 ||     2
       Phantom mirror    |       |       |       |       |       |       |       |       |     1 ||     1
  Use: Scroll            |     3 |     4 |     3 |    10 |    20 |    11 |    17 |    20 |    46 ||   134
       Potion            |       |     2 |     5 |    10 |     3 |     9 |    15 |       |    28 ||    72
 Stab: Paralysed         |       |       |       |     5 |       |       |       |       |       ||     5
       Petrified         |       |       |       |       |     6 |       |       |       |       ||     6
       Confused          |       |       |       |       |     2 |       |       |       |       ||     2
       Invisible         |       |       |       |       |    10 |       |       |       |       ||    10
  Eat: Chunk             |     3 |     6 |    10 |    22 |    23 |    15 |    12 |    16 |    39 ||   146
       Ration            |       |     2 |     3 |     7 |     9 |    17 |    10 |    10 |    36 ||    94
Armor: Scale mail        |    48 |   288 |   242 |       |       |       |       |       |       ||   578
       Plate armour      |       |       |   251 |   635 |   866 |  2236 |  1291 |  1092 |  3543 ||  9914
Dodge: Dodged            |    73 |   245 |   347 |   355 |   882 |  1933 |  1650 |  1526 |  3420 || 10431
Block: Buckler           |       |       |       |   146 |   537 |  1423 |  1060 |   556 |       ||  3722
       Shield            |       |       |       |       |       |       |       |  1080 |  5753 ||  6833
       Large shield      |       |       |       |       |       |       |       |       |   579 ||   579
       Reflection        |       |       |       |       |       |       |       |       |    93 ||    93
